 Dungeon Crawl Stone Soup version 0.23.2-1-ga50397a6bc (webtiles) character file.

Game seed: 7836821202610843892

170 Moonwind the Shield-Bearer (level 5, -3/33 HPs)
             Began as a Gargoyle Fighter on Apr 24, 2019.
             Killed by nerve-wracking pain
             ... invoked by an orc priest
              (6 damage)
             ... on level 3 of the Dungeon.
             The game lasted 00:08:06 (2655 turns).

Moonwind the Shield-Bearer (Gargoyle Fighter)       Turns: 2655, Time: 00:08:07

Health: -3/33      AC: 14    Str: 24 (25) XL:     5   Next: 51%
Magic:  5/5        EV:  8    Int:  9      God:
Gold:   129        SH:  0    Dex:  7 (9)  Spells: 4/4 levels left

rFire    . . .     SeeInvis .   r - +0 mace (holy)
rCold    . . .     Gourm    .   c - +0 shield
rNeg     + . .     Faith    .   b - +0 scale mail
rPois    ∞         Spirit   .   (no helmet)
rElec    +         Reflect  .   q - +2 cloak
rCorr    .         Harm     .   (no gloves)
MR       .....                  (no boots)
Stlth    ..........             (no amulet)
HPRegen  0.11/turn              (no ring)
MPRegen  0.09/turn              (no ring)

@: confused, mighty
A: negative energy resistance 1, electricity resistance, unbreathing,
petrification resistance, rot immunity, AC +4
a: no special abilities


You were on level 3 of the Dungeon.
You were not hungry.

You visited 1 branch of the dungeon, and saw 3 of its levels.

You collected 129 gold pieces.

Inventory:

Hand Weapons
 a - a +0 flail
 p - a +3 quarterstaff of chaos
 r - a +0 mace of holy wrath (weapon)
Armour
 b - a +0 scale mail (worn)
 c - a +0 shield (worn)
 n - a +0 large shield
 q - a +2 cloak (worn)
Scrolls
 e - a scroll of teleportation
 g - a scroll of identify
 h - a scroll of enchant weapon {unknown}
 j - a scroll of blinking {unknown}
 k - a scroll of amnesia {unknown}
 l - a scroll of remove curse {unknown}
 o - 2 scrolls of fog {unknown}
 s - a scroll of magic mapping {unknown}
Potions
 i - a potion of flight {unknown}
 m - a potion of degeneration
Comestibles
 f - 2 rations


   Skills:
 + Level 3.9 Fighting
 + Level 3.5 Maces & Flails
 + Level 3.9 Armour
 + Level 1.0 Dodging
 + Level 0.2 Stealth
 + Level 4.4 Shields


You had 4 spell levels left.
You didn't know any spells.
Your spell library was empty.

Dungeon Overview and Level Annotations

Branches:
Dungeon (3/15)

Altars:
Ru
Beogh


Innate Abilities, Weirdness & Mutations

You are resistant to torment.
Your stone body is resilient. (AC +4)
You are immune to poison.
You resist negative energy. (rN+)
You are resistant to electric shocks. (rElec)
You can survive without breathing.
You are immune to petrification.
You are immune to rotting.


Message History

You closely miss the orc priest.
You hear some strange, mumbled words.
You are confused.
The orc priest hits you with a +0 mace.
* * * LOW HITPOINT WARNING * * *
Something hits you but does no damage.
You closely miss the orc priest. The orc priest hits you with a +0 mace.
* * * LOW HITPOINT WARNING * * *
Something hits you but does no damage.
You barely miss the orc priest.
The orc priest casts a cantrip, but nothing happens.
Something hits you but does no damage.
The orc priest casts a cantrip, but nothing happens.
You bump into the rock wall.
You hear some strange, mumbled words.
A puff of flame appears from out of thin air!
The puff of flame hits you but does no damage.
The orc priest invokes the aid of Beogh against you.
Pain shoots through your body!
You die...

.......# .......# #
.......# ###..
.......##.....
......##..#.#
.........#..# ####
.......#...# #..$##
.........### ###.8$8.#
.........# #@oo..._#
.........# ###{#.8.8.#
.......#.#####...##$$$##
...........[......#####
.....#########.....#
####. ####### .. .## ..


You could see an orc priest and an orc.

Vanquished Creatures
  Crazy Yiuf (D:2)
  An orc wizard (D:3)
  Robin (D:2)
  3 adders
  2 worms (D:2)
  3 dart slugs
  A giant cockroach (D:1)
  14 goblins
  14 hobgoblins
  2 jackals (D:1)
  A quokka (D:3)
  8 bats
  4 frilled lizards
  2 kobolds
  6 rats
63 creatures vanquished.

Notes
Turn   | Place    | Note
-------+----------+-------------------------------------------
     0 | D:1      | Moonwind the Gargoyle Fighter began the quest for the Orb.
     0 | D:1      | Reached XP level 1. HP: 14/14 MP: 1/1
   254 | D:1      | Reached XP level 2. HP: 19/19 MP: 2/2
   676 | D:2      | Reached XP level 3. HP: 18/23 MP: 3/3
  1252 | D:2      | Reached skill level 4 in Shields
  1252 | D:2      | Reached XP level 4. HP: 28/28 MP: 4/4
  1313 | D:2      | Found a runed translucent door.
  1314 | D:2      | Noticed Crazy Yiuf
  1328 | D:2      | Killed Crazy Yiuf
  1474 | D:2      | Noticed Robin
  1485 | D:2      | Killed Robin
  1531 | D:2      | Reached XP level 5. HP: 11/33 MP: 5/5
  2098 | D:2      | Found a sacrificial altar of Ru.
  2621 | D:3      | Found a roughly hewn altar of Beogh.
  2647 | D:3      | Reached skill level 1 in Dodging
  2655 | D:3      | Killed from afar by an orc priest

Skill      XL: |  1  2  3  4  5 |
---------------+----------------+-----
Shields        | 4 |  4.4
Maces & Flails | 3 |  3.5
Dodging        | 1 |  1.0
Fighting       | |  3.9
Armour         | |  3.9
Stealth        | |  0.2

Action                   |  1- 3 |  4- 6 || total
-------------------------+-------+-------++-------
Melee: Flail             |   156 |    30 ||   186
       Mace              |       |   152 ||   152
  Use: Scroll            |     1 |     1 ||     2
       Potion            |       |     2 ||     2
 Stab: Invisible         |       |     2 ||     2
  Eat: Chunk             |     1 |     5 ||     6
Armor: Scale mail        |   141 |   181 ||   322
Dodge: Dodged            |    78 |    85 ||   163
Block: Shield            |   111 |   137 ||   248
